 Dungeon Crawl Stone Soup version 0.27-a0-379-g34d631faf5 (webtiles) character file.

Game seed: 3328602875348598328

20 CryoSword the Insei (level 2, -1/23 HPs)
             Began as a Demigod Transmuter on Feb 17, 2021.
             Slain by Terence
             ... wielding a +0 short sword
              (3 damage)
             ... on level 2 of the Dungeon.
             The game lasted 00:01:25 (1377 turns).

CryoSword the Insei (Demigod Transmuter)            Turns: 1377, Time: 00:01:26

Health: -1/23      AC:  2    Str: 11    XL:     2   Next: 42%
Magic:  7/7        EV: 12    Int: 15    God:
Gold:   72         SH:  0    Dex: 14    Spells: 1/4 levels left

rFire    . . .     SeeInvis .     - Unarmed
rCold    . . .     Faith    .   (no shield)
rNeg     . . .     Spirit   .   a - +0 robe
rPois    .         Reflect  .   (helmet currently unavailable)
rElec    .         Harm     .   (no cloak)
rCorr    .         Rampage  .   (no gloves)
Will     .....                  (boots currently unavailable)
Stlth    +.........             (no amulet)
HPRegen  0.07/turn              (no ring)
MPRegen  0.10/turn              (no ring)

@: appendages (expiring)
A: horns 2, talons 2, high mp 1
a: End Transformation


You were on level 2 of the Dungeon.
You had grown temporary horns.
You had grown temporary talons.
You visited 1 branch of the dungeon, and saw 2 of its levels.

You collected 72 gold pieces.

Inventory:

Missiles
 f - 30 poisoned darts
Armour
 a - a +0 robe (worn)
Jewellery
 e - an amulet of magic regeneration {unknown}
   (You found it on level 1 of the Dungeon)
Scrolls
 b - a scroll of identify {unknown}
 c - 2 scrolls of magic mapping {unknown}
 d - a scroll of fear {unknown}
 g - a scroll of enchant armour {unknown}
 h - a scroll of random uselessness {unknown}


   Skills:
 + Level 1.2 Fighting
 - Level 1.7 Dodging
 * Level 3.1 Unarmed Combat
 - Level 1.7 Spellcasting
 * Level 2.3 Transmutations


You had one spell level left.
You knew the following spells:

 Your Spells              Type           Power        Failure   Level
a - Beastly Appendage     Tmut           16%          9%          1
b - Wereblood             Tmut           8%           14%         2

Your spell library contained the following spells:

 Spells                   Type           Power        Failure   Level
 Spider Form              Tmut/Pois      2%           38%         3
 Ice Form                 Ice/Tmut       4%           80%         4
 Blade Hands              Tmut           4%           94%         5


Dungeon Overview and Level Annotations

Branches:
Dungeon (2/15)

Annotations:
D:2 Terence


Innate Abilities, Weirdness & Mutations

You have an increased reservoir of magic. (+10% MP)
You have a pair of horns on your head.
You have razor-sharp toenails.


Message History

You hit the kobold but do no damage. You claw the kobold.
You kill the kobold!
You howl as the wereblood boils in your veins!
The giant cockroach closely misses you.
You barely miss the giant cockroach. You headbutt the giant cockroach.
You kill the giant cockroach!
You closely miss the kobold. Your kick misses the kobold.
The kobold misses you.
You barely miss the kobold. Your kick misses the kobold.
The kobold closely misses you.
You punch the kobold!
You kill the kobold!
No target in view!
Your horns disappear.
Your talons disappear.
Your primal bloodlust is almost over.
You howl as the wereblood boils in your veins!
Your primal bloodlust has ended.
Things that are here:
2 stones; a kobold corpse
Things that are here:
a +0 short sword; a kobold corpse
Things that are here:
a giant cockroach corpse; a frilled lizard corpse
f - 6 poisoned darts
Things that are here:
a +0 short sword; a kobold corpse
g - a scroll labelled IRIODO WIUTI You now have 35 gold pieces (gained 7).
You now have 38 gold pieces (gained 3).
You now have 52 gold pieces (gained 14).
You now have 67 gold pieces (gained 15).
You now have 72 gold pieces (gained 5).
A goblin comes into view. It is wielding a +0 club.
A goblin is nearby!
A goblin is nearby!
A goblin is nearby!
The goblin shouts!
You grow a pair of large bovine horns.
Your feet morph into talons.
You hit the goblin. Your kick misses the goblin. The goblin barely misses you.
You closely miss the goblin. Your kick misses the goblin.
The goblin barely misses you.
You miss the goblin. The goblin closely misses you.
You closely miss the goblin. You claw the goblin.
The goblin hits you but does no damage.
You hit the goblin but do no damage. You claw the goblin.
You kill the goblin!
Your transformation is almost over.
No target in view!
You see here a +0 club.
Your horns disappear.
Your talons disappear.
You see here a +0 club.
f - 30 poisoned darts (gained 24)
You see here a +0 dagger.
Could not explore, unopened door.
Could not explore, unopened door.
Could not explore, unopened door.
You open the gate.
There is an open gate here.
Found a sparkling altar of Nemelex Xobeh.
Partly explored, can't reach some places.
Partly explored, can't reach some places.
There is an open gate here.
There is a stone staircase leading down here.
You climb downwards.
There is a stone staircase leading up here.
Could not explore, unopened door.
Could not explore, unopened door.
No target in view!
As you open the door, it creaks loudly!
Could not explore, unopened door.
Could not explore, unopened door.
You open the door.
Could not explore, unopened door.
Could not explore, unopened door.
You open the door.
Could not explore, unopened door.
Could not explore, unopened door.
You open the door.
Found a burning altar of Makhleb and a glowing silver altar of Zin.
The angel shouts!
The balrug shouts!
There is an open door here.
Could not explore, unopened door.
You open the door.
The angel explains in detail about a proper diet respecting intelligent beings.
There is an open door here.
There is an open door here.
There is an open door here.
There is an open door here.
There is an open door here.
There is an open door here.
A hobgoblin comes into view. It is wielding a +0 club.
A hobgoblin is nearby!
You miscast Beastly Appendage.
You are very lightly contaminated with residual magic.
Nothing appears to happen.
You grow a pair of large bovine horns.
Your feet morph into talons.
You barely miss the hobgoblin. You hit the hobgoblin.
You kill the hobgoblin!
No target in view!
No target in view!
Your magical contamination has completely faded away.
Your transformation is almost over.
Your horns disappear.
Your talons disappear.
You see here a +0 club.
h - a scroll labelled LUECVIOWIO A bat comes into view.
A bat is nearby!
A bat is nearby!
You grow a pair of large bovine horns.
Your feet morph into talons.
The bat hits you but does no damage.
You barely miss the bat. Your kick misses the bat. The bat barely misses you.
The bat closely misses you. The bat hits you but does no damage.
You hit the bat.
You kill the bat!
No target in view!
No target in view!
Your transformation is almost over.
There is an open door here.
Your horns disappear.
Your talons disappear.
Terence the Incautious comes into view.
He is wielding a +0 short sword.
Found a stone staircase leading down.
Terence shouts!
A hobgoblin comes into view.
You grow a pair of large bovine horns.
Your feet morph into talons.
You hit Terence. You claw Terence, but do no damage.
Terence hits you with a +0 short sword.
You barely miss Terence. You claw Terence. You headbutt Terence.
Terence hits you with a +0 short sword.
You hit Terence but do no damage. You claw Terence, but do no damage.
Terence hits you with a +0 short sword.
* * * LOW HITPOINT WARNING * * *
You hit Terence. Your kick misses Terence. Terence completely misses you.
You hit Terence but do no damage. Your kick misses Terence.
You headbutt Terence. Terence hits you with a +0 short sword.
* * * LOW HITPOINT WARNING * * *
You closely miss Terence. You claw Terence, but do no damage.
Your transformation is almost over.
Terence hits you but does no damage.
You hit Terence but do no damage. You claw Terence.
Your headbutt misses Terence. Terence hits you with a +0 short sword.
* * * LOW HITPOINT WARNING * * *
You barely miss Terence. You claw Terence, but do no damage.
Terence hits you but does no damage.
You barely miss Terence. Your kick misses Terence.
Terence hits you with a +0 short sword.
* * * LOW HITPOINT WARNING * * *
You closely miss Terence. Terence barely misses you.
You hit Terence. Terence hits you with a +0 short sword.
You die...

#. #. # #. #.#.###
##.....## ##.$.....#
......@...# ........#@#
....@...#@#############
........#.............#
........#############.#
........+ #.# ........#
#.# ....... #.# #.# #.#
#.#


You could see Terence.

Vanquished Creatures
  A bat (D:2)
  2 giant cockroaches (D:1)
  4 goblins (D:1)
  2 hobgoblins
  3 kobolds (D:1)
  A ball python (D:1)
  A frilled lizard (D:1)
  4 rats (D:1)
18 creatures vanquished.

Vanquished Creatures (others)
  8 plants (D:2)
8 creatures vanquished.

Grand Total: 26 creatures vanquished

Notes
Turn   | Place    | Note
-------+----------+-------------------------------------------
     0 | D:1      | CryoSword the Demigod Transmuter began the quest for the
                  | Orb.
     0 | D:1      | Reached XP level 1. HP: 15/15 MP: 5/5
   115 | D:1      | Reached skill level 1 in Fighting
   765 | D:1      | Reached XP level 2. HP: 20/23 MP: 5/7
   829 | D:1      | Reached skill level 3 in Unarmed Combat
   832 | D:1      | Learned a level 2 spell: Wereblood
  1141 | D:1      | Found a sparkling altar of Nemelex Xobeh.
  1216 | D:2      | Found a burning altar of Makhleb.
  1216 | D:2      | Found a glowing silver altar of Zin.
  1217 | D:2      | Noticed an angel
  1217 | D:2      | Noticed a balrug
  1357 | D:2      | Noticed Terence
  1377 | D:2      | Slain by Terence

Illustrated notes

Levels and vault maps discovered:
D:1:      denvon_arrival_planthouse, layout_basic, hangedman_decor_lopped,
          wad_floor_pattern_2, nemelex_altar_shiori
D:2:      minmay_spotlight, layout_basic,
          grunt_temple_overflow_order_and_chaos_2, serial_bayou_pond_a,
          uniq_terence

Skill      XL: |  1  2 |
---------------+-------+-----
Fighting       | 1 |  1.2
Transmutations | 2 |  2.3
Unarmed Combat | 3 |  3.1
Dodging        | |  1.7
Spellcasting   | |  1.7

Action                   || total
-------------------------++-------
Melee: Unarmed           ||    53
       Kick              ||    18
       Headbutt          ||     6
       Punch             ||     1
 Cast: Beastly Appendage ||    15
       Wereblood         ||     1
Armor: Robe              ||     8
Dodge: Dodged            ||    29

Table legend: (Time is in decaauts)
 A = Elapsed time spent in this place.
 B = Non-inter-level travel time spent in this place.
 C = Inter-level travel time spent in this place.
 D = Time resting spent in this place.
 E = Time spent auto-exploring this place.
 F = Levels seen in this place.
 G = Mean time per level.
                   A        B        C        D        E       F      G
               +--------+--------+--------+--------+--------+-----+--------+
         Total |   1374 |   1336 |     38 |    134 |   1045 |   2 |  687.0 |
       Dungeon |   1374 |   1336 |     38 |    134 |   1045 |   2 |  687.0 |
               +--------+--------+--------+--------+--------+-----+--------+

Top non-repeatable levels by time:
     D:1: 1186 daAuts
     D:2: 188 daAuts
